 Dungeon Crawl Stone Soup version 0.20.1-1-g8b1a95d (webtiles) character file.

62 Monsterracer the Sneak (level 3, -3/18 HPs)
             Began as a Spriggan Assassin on Aug 8, 2017.
             Killed by nerve-wracking pain
             ... invoked by Jessica
              (10 damage)
             ... on level 2 of the Dungeon.
             The game lasted 00:06:26 (1238 turns).

Monsterracer the Sneak (Spriggan Assassin)          Turns: 1238, Time: 00:06:27

Health: -3/18      AC:  3    Str:  7    XL:     3   Next: 85%
Magic:  4/4        EV: 17    Int: 12    God:
Gold:   7          SH:  0    Dex: 18    Spells: 2/2 levels left

rFire    . . .     SeeInvis +   a - +2 dagger
rCold    . . .     Gourm    .   (shield restricted)
rNeg     . . .     Faith    .   c - +0 robe
rPois    .         Spirit   .   (helmet restricted)
rElec    .         Reflect  .   d - +0 cloak
rCorr    .         Harm     .   (gloves unavailable)
MR       .....                  (boots unavailable)
Stlth    ++++......             (no amulet)
Regen    0.1/turn               (no ring)
MPRegen  0.1/turn               (no ring)

@: lethally poisoned (-3 -> -6), very quick
A: unfitting armour, see invisible, herbivore 3, speed 3, slow metabolism 2
a: no special abilities


You were on level 2 of the Dungeon.
You were not hungry.

You visited 1 branch of the dungeon, and saw 3 of its levels.

You collected 7 gold pieces.

Inventory:

Hand Weapons
 a - a +2 dagger (weapon)
 b - a +0 blowgun
Missiles
 e - 8 poisoned needles
 f - 2 curare-tipped needles
Armour
 c - a +0 robe (worn)
 d - a +0 cloak (worn)
Scrolls
 i - a scroll of noise {unknown}
 j - a scroll of amnesia {unknown}
 k - a scroll of enchant armour {unknown}
 l - a scroll of identify {unknown}
 m - a scroll of teleportation {unknown}
 n - a scroll of blinking {unknown}
Potions
 h - 2 potions of agility {unknown}
 o - 2 potions of lignification {unknown}
 p - a potion of heal wounds {unknown}
 q - a potion of curing {unknown}
Comestibles
 g - 2 bread rations


   Skills:
 - Level 1.5 Fighting
 * Level 4.0 Short Blades
 - Level 2.0 Throwing
 - Level 1.5 Dodging
 + Level 6.8 Stealth


You had 2 spell levels left.
You didn't know any spells.

Dungeon Overview and Level Annotations

Branches:
Dungeon (3/15)

Altars:
Zin

Annotations:
D:2 Jessica


Innate Abilities, Weirdness & Mutations

You are very small and have problems with some larger weapons.
You are too small for most types of armour.
You have supernaturally acute eyesight. (SInv)
You are a herbivore.
You cover ground extremely quickly.
You need consume almost no food.


Message History

* * * LOW HITPOINT WARNING * * *
You are poisoned.
The adder poisons you!
Damage: -12%(-2hp) hp: 50%(9hp)
You hit the adder.
The adder is lightly wounded.
You feel sick. The adder barely misses you.
Damage: -5%(-1hp) hp: 45%(8hp)
Found a bread ration.
Jessica casts a spell.
Jessica seems to speed up.
You feel sick.
Damage: -6%(-1hp) hp: 39%(7hp) Jessica looks very angry.
Jessica gestures wildly while chanting.
Jessica blinks!
Jessica casts a spell at you. Pain shoots through your body!
Ouch! That really hurt!
You die...

#.. #.##..##...#.....#.#
#. #.##............##.# ##
#o##...#.#.#.##.##.#
#.###.##...#.#.#.##†##.#
#.....S......#.......#.#
..........@.#######.....†#
###.#.###.#....#...÷....#.
# #. #.##.#$#......÷### #.
#@##.#.#.#..###.#. #
#.##.....#..# #.†#
...%........# #.##
.........###h# #.#
....####..###.###.# .###.#
#...........# .. #.#
#.#####.##### 8. #.# #.
#.# . ..#


You could see an adder, Jessica and an orc.

Vanquished Creatures
  2 adders (D:2)
  A dart slug (D:1)
  A leopard gecko (D:1)
  2 giant cockroaches
  5 goblins (D:1)
  9 hobgoblins
  2 jackals (D:2)
  4 kobolds
  A quokka (D:3)
  3 bats
  6 rats
36 creatures vanquished.

Notes
Turn   | Place    | Note
-------+----------+-------------------------------------------
     0 | D:1      | Monsterracer the Spriggan Assassin began the quest for the Orb.
     0 | D:1      | Reached XP level 1. HP: 10/10 MP: 2/2
    62 | D:1      | Reached skill level 6 in Stealth
   110 | D:1      | Reached XP level 2. HP: 14/14 MP: 3/3
   601 | D:1      | Reached XP level 3. HP: 13/18 MP: 4/4
   864 | D:2      | HP: 9/18 [adder (4)]
   868 | D:2      | HP: 3/18 [jackal (3)]
  1074 | D:2      | HP: 9/18 [adder (5)]
  1155 | D:2      | Found Zin's Purification Station.
  1158 | D:2      | Found a glowing silver altar of Zin.
  1174 | D:2      | Noticed Jessica
  1228 | D:2      | HP: 9/18 [adder (2)]
  1235 | D:2      | HP: 7/18 [poisoned by an adder]
  1238 | D:2      | Killed from afar by Jessica

Skill      XL: |  1  2  3 |
---------------+----------+-----
Stealth        | 6 |  6.8
Short Blades   | 3 4 |  4.0
Fighting       | |  1.5
Throwing       | |  2.0
Dodging        | |  1.5

Action                   || total
-------------------------++-------
Melee: Dagger            ||   119
 Fire: Blowgun           ||     3
 Stab: Sleeping          ||    17
Armor: Robe              ||    12
Dodge: Dodged            ||    73
